Map: Nightscape CE

Players

Ekelpack

  • Race: Zerg Zerg
  • Spawn Location: 1:00

Nyck

  • Race: Terran Terran
  • League: Silver
  • Spawn Location: 1:00

Kujira - Winner!

  • Race: Terran Terran
  • Spawn Location: 7:00

Shatun - Winner!

  • Race: Terran Terran
  • Spawn Location: 7:00

VOD

Have the link to the VOD?

Description

Time

  • Played on: Oct. 15, 2024, 2:09 p.m.
  • Length: 5:25
Show
View Real Time Build Order
Export as new Build Order

Ekelpack Zerg 

Build Orders: Hatch First 

Get SALT Encoding   

  12  0:00  Drone  
  13  0:13  Overlord  
  13  0:18  Drone  
  14  0:31  Drone  
  15  0:48  Hatchery  
  15  0:49  Drone  
  15  1:04  Spawning Pool  
  14  1:08  Drone  
  14  1:11  Extractor  
  14  1:13  Drone  
  14  1:17  Drone  
  16  1:25  Drone  
  17  1:31  Drone  
  18  1:45  Drone  
  19  1:53  Queen  
  21  1:55  Drone  
  21  1:58  Extractor  
  21  2:01  Drone  
  21  2:07  Queen  
  24  2:11  Drone  
  24  2:14  Drone  
  26  2:19  Overlord  
  26  2:29  Lair  
  26  2:34  Drone  
  27  2:38  Metabolic Boost  
  27  2:47  Drone  
  27  2:48  Drone  
  27  2:51  Drone  
  30  2:59  Zergling x2  
  30  3:04  Zergling x8  
  35  3:07  Zergling x2  
  36  3:30  Spire  
  35  3:37  Overlord  
  35  3:45  Zergling x2  
  36  3:55  Queen  
  38  4:01  Zergling x4  
  38  4:02  Zergling x2, Overlord  
  41  4:09  Zergling x6  
  44  4:35  Overlord  
  44  4:39  Drone x3  
  44  4:40  Drone  
  44  4:42  Extractor  
  44  4:44  Extractor  
  46  4:47  Mutalisk x3  
Show
View Real Time Build Order
Export as new Build Order

Nyck Terran 

Build Orders: Reaper Expand 

Get SALT Encoding   

  12  0:00  SCV  
  13  0:13  Supply Depot  
  13  0:18  SCV  
  14  0:30  SCV  
  15  0:39  Barracks  
  15  0:42  SCV  
  16  0:46  Refinery  
  16  0:54  SCV  
  17  1:10  SCV  
  18  1:25  Orbital Command  
  18  1:29  Reaper  
  19  1:42  Command Center  
  19  1:53  Barracks  
  19  1:55  SCV  
  20  2:03  Supply Depot  
  20  2:10  SCV  
  21  2:21  Factory  
  21  2:24  SCV  
  22  2:31  Refinery  
  22  2:38  Barracks Tech Lab  
  22  2:46  SCV  
  23  2:56  Orbital Command  
  24  2:58  SCV  
  24  3:09  Barracks Reactor  
  24  3:12  Barracks  
  24  3:20  Barracks  
  24  3:27  Engineering Bay  
  24  3:31  Engineering Bay  
  24  3:37  SCV x2  
  26  3:44  Refinery  
  26  3:45  Refinery  
  26  3:49  SCV x2, Marine x2  
  30  4:06  SCV x2  
  32  4:18  SCV  
  32  4:19  SCV  
  34  4:31  SCV x2, Marine x2  
  38  4:41  Marine x3  
  38  4:43  SCV  
  42  4:48  Marine  
  42  4:49  Marine  
  42  4:52  Armory  
Show
View Real Time Build Order
Export as new Build Order

Kujira Terran - Winner!

Build Orders:  

Get SALT Encoding   

  12  0:04  SCV  
  13  0:16  SCV  
  14  0:28  SCV  
  15  0:43  Supply Depot  
  15  1:05  SCV  
  15  1:08  Barracks  
  15  1:09  Barracks  
  16  1:17  Barracks  
  16  1:31  Barracks  
  16  1:56  Supply Depot  
  16  1:58  Marine x2  
  18  2:05  Marine  
  19  2:16  Marine x2  
  19  2:19  Barracks  
  19  2:22  Marine  
  21  2:23  Marine  
  23  2:34  Marine  
  24  2:39  Supply Depot  
  24  2:40  Marine  
  24  2:42  Marine  
  26  3:10  Marine x4  
  30  3:27  Marine  
  30  3:30  Marine x2  
  30  3:31  Marine x2  
  35  3:44  Supply Depot  
  35  3:45  Marine  
  35  3:48  Marine x3  
  39  4:05  Marine x2  
  39  4:06  Marine x3  
  44  4:11  Supply Depot  
  44  4:23  Marine x2  
  44  4:24  Marine  
  47  4:32  Marine x2  
  49  4:42  Marine x3  
Show
View Real Time Build Order
Export as new Build Order

Shatun Terran - Winner!

Build Orders:  

Get SALT Encoding   

  12  0:00  SCV  
  13  0:12  SCV  
  14  0:24  Supply Depot, SCV  
  15  0:46  Barracks  
  15  0:48  Barracks  
  15  1:01  Barracks  
  15  1:13  Barracks  
  15  1:19  SCV  
  16  1:32  SCV  
  17  1:33  Marine  
  17  1:37  Supply Depot  
  18  1:44  Marine  
  19  1:49  Marine  
  20  1:56  Marine  
  20  2:00  Marine  
  22  2:05  Marine  
  22  2:07  Supply Depot  
  22  2:08  SCV  
  24  2:09  Marine  
  24  2:14  Marine  
  26  2:20  Marine  
  27  2:23  Marine  
  27  2:27  Marine  
  29  2:31  Refinery  
  29  2:40  Marine x2  
  31  2:45  Marine  
  31  2:46  Marine  
  31  2:50  SCV  
  34  2:52  Supply Depot  
  34  3:02  Marine x2  
  34  3:05  Marine x2  
  38  3:20  Marine x2  
  38  3:21  Supply Depot  
  38  3:23  Marine x2  
  42  3:37  Marine  
  43  3:42  Factory  
  43  3:46  Marine x2  
  45  3:50  Marine  
  46  4:13  Marine  
  46  4:14  Marine x3, Factory  
  50  4:28  Supply Depot  
  49  5:07  Marine  
Tags
 
Add a new tag
Caveats
  • Supply blocks, unpowered buildings, or Contaminate may cause inaccurate times.
  • Supply counts are checked every 10 seconds.